Map: Terraform LE (Void)

Players

DeadHead

  • Race: Zerg Zerg
  • League: Grandmaster

Javert - Winner!

  • Race: Zerg Zerg
  • League: Grandmaster

VOD

Have the link to the VOD?

Description

Time

  • Played on: July 14, 2015, 7:17 p.m.
  • Length: 9:14
Show
View Real Time Build Order
Export as new Build Order

DeadHead Zerg 

Build Orders: Pool First, Zergling Baneling 

Get SALT Encoding   

  12  0:02  Drone  
  13  0:13  Overlord  
  13  0:21  Drone  
  14  0:33  Drone x2  
  16  0:36  Drone  
  17  0:46  Drone  
  18  0:51  Extractor  
  18  0:56  Spawning Pool  
  17  0:57  Drone  
  17  1:08  Drone  
  18  1:18  Drone  
  18  1:24  Hatchery  
  18  1:30  Drone  
  19  1:39  Overlord  
  19  1:45  Queen  
  21  1:52  Metabolic Boost  
  21  2:00  Zergling x2  
  22  2:09  Drone  
  23  2:16  Zergling x2  
  24  2:24  Baneling Nest  
  24  2:25  Zergling x2  
  24  2:36  Queen  
  26  2:37  Drone  
  26  2:42  Zergling x2  
  28  2:55  Zergling x6  
  28  2:56  Zergling x4  
  33  3:02  Drone  
  33  3:03  Drone  
  35  3:08  Spine Crawler  
  35  3:11  Queen  
  35  3:20  Baneling x3  
  35  3:22  Overlord  
  35  3:27  Lair  
  31  3:51  Zergling x16  
  31  3:52  Zergling x2  
  40  4:15  Drone  
  40  4:16  Drone x3  
  44  4:19  Baneling x2  
  44  4:26  Baneling  
  44  4:27  Baneling x4  
  43  4:39  Overlord x2  
  43  4:44  Overlord  
  43  4:45  Overlord  
  33  5:07  Zergling x2  
  33  5:08  Zergling x10  
  33  5:14  Extractor  
  37  5:15  Drone x4  
  41  5:29  Hatchery  
  41  5:31  Drone x2  
  41  5:33  Extractor  
  41  5:35  Drone x2, Extractor  
  42  5:49  Zergling x8  
  46  5:50  Zergling x6  
  46  5:54  Baneling  
  46  5:55  Baneling x2  
  48  6:06  Drone x2  
  48  6:07  Spire  
  48  6:10  Baneling  
  48  6:11  Baneling x2  
  46  6:24  Drone x3  
  49  6:26  Drone x2  
  47  6:42  Drone  
  47  6:43  Drone x2  
  47  6:45  Baneling x2  
  47  6:46  Baneling  
  50  6:47  Drone x2  
  52  7:08  Drone  
  52  7:09  Hatchery  
  51  7:20  Mutalisk x2  
  51  7:21  Mutalisk x3  
  61  7:34  Zergling x8  
  65  7:39  Spine Crawler  
  65  7:40  Spine Crawler  
  65  7:43  Evolution Chamber x2  
  65  7:44  Drone x5  
  62  7:48  Zergling x2  
  62  7:49  Zergling x8  
  69  7:57  Hatchery  
  60  8:09  Zergling x2  
  60  8:10  Zergling x6  
  54  8:35  Zergling x4  
  54  8:36  Zergling x16  
  47  8:57  Hatchery  
Show
View Real Time Build Order
Export as new Build Order

Javert Zerg - Winner!

Build Orders: Hatch First 

Get SALT Encoding   

  12  0:01  Drone  
  13  0:13  Overlord  
  13  0:20  Drone  
  14  0:32  Drone x2  
  16  0:36  Drone  
  17  0:46  Drone  
  18  0:56  Hatchery  
  17  0:59  Drone  
  17  1:01  Extractor  
  17  1:08  Drone  
  18  1:19  Spawning Pool  
  18  1:20  Drone  
  18  1:30  Drone  
  19  1:40  Overlord  
  19  1:51  Drone  
  20  2:02  Drone  
  20  2:06  Metabolic Boost, Queen  
  20  2:08  Queen  
  25  2:10  Zergling x2  
  25  2:12  Zergling x2  
  27  2:23  Drone  
  27  2:24  Drone  
  29  2:41  Baneling Nest  
  29  2:42  Drone x3  
  31  2:53  Drone x2  
  33  3:03  Overlord  
  33  3:12  Drone x3  
  36  3:27  Spine Crawler  
  36  3:28  Evolution Chamber  
  36  3:30  Zergling x16  
  40  3:58  Baneling x5  
  40  4:05  Drone x4  
  40  4:06  Overlord  
  44  4:22  Spine Crawler  
  43  4:42  Extractor  
  43  4:43  Lair  
  42  4:49  Extractor  
  32  5:08  Zergling x2  
  32  5:09  Zergling x20  
  43  5:21  Roach Warren  
  42  5:24  Overlord x2  
  42  5:31  Drone  
  42  5:33  Zerg Ground Armor Level 1  
  42  6:00  Drone x7  
  42  6:01  Drone x3  
  42  6:02  Glial Reconstitution  
  46  6:22  Roach  
  46  6:23  Roach x5  
  51  6:43  Roach  
  51  6:45  Overlord x2  
  53  6:52  Zergling x2  
  53  6:53  Zergling x4  
  56  7:05  Roach  
  56  7:06  Roach x4  
  66  7:14  Baneling x2  
  66  7:18  Hatchery  
  65  7:24  Overlord, Drone  
  65  7:25  Drone x2, Overlord  
  68  7:31  Overseer  
  68  7:51  Roach x5  
  69  8:14  Roach x8  
  83  8:21  Spore Crawler x2  
  83  8:22  Spore Crawler  
  83  8:23  Spore Crawler  
  73  8:27  Spore Crawler x2  
  71  8:47  Roach x3  
  71  8:48  Roach x4  
Tags
 
Add a new tag
Caveats
  • Supply blocks, unpowered buildings, or Contaminate may cause inaccurate times.
  • Supply counts are checked every 10 seconds.